 Dungeon Crawl Stone Soup version 0.30-a0-335-ge5acde7520 (webtiles) character file.

Game seed: 3930800152684049655

130 billz999 the Skirmisher (level 5, -2/43 HPs)
             Began as a Gnoll Hunter on Oct 30, 2022.
             Killed by nerve-wracking pain
             ... invoked by Menkaure
              (14 damage)
             ... on level 4 of the Dungeon.
             The game lasted 00:04:03 (1105 turns).

billz999 the Skirmisher (Gnoll Hunter)              Turns: 1105, Time: 00:04:04

Health: -2/43      AC:  8    Str: 10    XL:     5   Next: 13%
Magic:  6/7        EV: 12    Int:  8    God:
Gold:   62         SH:  0    Dex: 18    Spells: 6/6 levels left

rFire   . . .      SeeInvis .    a - +0 shortbow
rCold   . . .      Faith    .    (shield currently unavailable)
rNeg    . . .      Spirit   .    k - +3 ring mail
rPois   .          Reflect  .    (no helmet)
rElec   .          Harm     .    (no cloak)
rCorr   .          Rampage  .    (no gloves)
Will    .....                    (no boots)
Stlth   ++........               e - amulet of regeneration
HPRegen 1.07/turn                (no ring)
MPRegen 0.10/turn                (no ring)

@: brilliant
A: fangs 1, strong nose, distributed training
a: no special abilities


You were on level 4 of the Dungeon.
You visited 1 branch of the dungeon, and saw 3 of its levels.

You collected 62 gold pieces.

Inventory:

Hand Weapons
 a - a +0 shortbow (weapon)
 o - a +2 whip of pain
Missiles
 m - 5 javelins
Armour
 c - a +0 leather armour
 k - a +3 ring mail (worn)
Jewellery
 e - an amulet of regeneration (around neck)
Scrolls
 b - a scroll of immolation
 f - a scroll of fear {unknown}
 l - a scroll of noise {unknown}
 n - a scroll of blinking {unknown}
 p - a scroll of teleportation {unknown}
Potions
 d - 2 potions of brilliance
 h - a potion of curing
 i - a potion of berserk rage {unknown}
 j - a potion of might {unknown}


   Skills:
 + Level 4.7 Fighting
 + Level 1.4 Short Blades
 + Level 1.4 Long Blades
 + Level 1.4 Axes
 + Level 1.4 Maces & Flails
 + Level 1.4 Polearms
 + Level 1.4 Staves
 + Level 8.6 Ranged Weapons
 + Level 1.4 Throwing
 + Level 1.4 Armour
 + Level 4.7 Dodging
 + Level 2.7 Stealth
 + Level 1.4 Shields
 + Level 1.4 Unarmed Combat
 + Level 1.4 Spellcasting
 + Level 1.1 Conjurations
 + Level 1.1 Hexes
 + Level 1.1 Summonings
 + Level 1.1 Necromancy
 + Level 1.1 Translocations
 + Level 1.1 Transmutations
 + Level 1.1 Fire Magic
 + Level 1.1 Ice Magic
 + Level 1.1 Air Magic
 + Level 1.1 Earth Magic
 + Level 1.1 Poison Magic
 + Level 1.6 Invocations
 + Level 1.4 Evocations


You had 6 spell levels left.
You didn't know any spells.
Your spell library was empty.

Dungeon Overview and Level Annotations

Branches:
Dungeon (2/15)

Altars:
Xom

Annotations:
D:4 Menkaure


Innate Abilities, Weirdness & Mutations

You have very sharp teeth.
Your uncanny sense of smell can sniff out nearby items.
Your experience applies equally to all skills.


Message History

You hit Menkaure but do no damage.
Menkaure is moderately damaged.
Menkaure calls on the powers of darkness!
Your body is wracked with pain!
Unknown command.
It was a potion of brilliance.
You feel clever all of a sudden. Menkaure barely misses you.
You aren't carrying any items that you can evoke.
Unknown command.
a - a +0 shortbow (weapon)
Menkaure hits you but does no damage.
Fire: a) +0 shortbow
Press: ? - help, Shift-Dir - straight line, f - Menkaure
Aim: Menkaure (lightly damaged, fast, 79% to hit)
You shoot an arrow. The arrow hits Menkaure!
Menkaure is heavily damaged.
Menkaure hits you!
* * * LOW HITPOINT WARNING * * *
It was a potion of curing.
You feel better. Menkaure hits you!
It was a potion of heal wounds.
You feel much better.
Menkaure calls on the powers of darkness!
Your body is wracked with pain!
Menkaure gestures at you while chanting.
Pain shoots through your body!
Fire: a) +0 shortbow
Press: ? - help, Shift-Dir - straight line, f/p - Menkaure
Aim: Menkaure (heavily damaged, fast, 79% to hit)
You shoot an arrow. The arrow barely misses Menkaure.
Menkaure calls on the powers of darkness!
Your body is wracked with pain!
* * * LOW HITPOINT WARNING * * *
Fire: a) +0 shortbow
Press: ? - help, Shift-Dir - straight line, f/p - Menkaure
Aim: Menkaure (heavily damaged, fast, 79% to hit)
You shoot an arrow. The arrow hits Menkaure.
Menkaure is heavily damaged.
Menkaure casts a spell at you. Pain shoots through your body!
You die...

########
#......#
#...$..#
#......#
#......#
###....@.#
#......M.#
.........#
.##......#
#.......
#.......#
...##.####
.... ..
.#. ...


You could see Menkaure (fast).

Vanquished Creatures
  A hound (D:4)
  A gnoll (D:1)
  3 adders (D:2)
  A worm (D:2)
  4 dart slugs
  5 bats
  4 endoplasms (D:1)
  5 giant cockroaches
  3 goblins
  4 hobgoblins
  3 jackals (D:1)
  3 quokkas
  5 ball pythons (D:1)
  A frilled lizard (D:1)
  5 kobolds
  4 rats
52 creatures vanquished.

Notes
Turn   | Place    | Note
-------+----------+-------------------------------------------
     0 | D:1      | billz999 the Gnoll Hunter began the quest for the Orb.
     0 | D:1      | Reached XP level 1. HP: 20/20 MP: 1/1
    69 | D:1      | Reached XP level 2. HP: 26/26 MP: 2/2
    76 | D:1      | Found a faded altar of an unknown god.
   161 | D:1      | Reached XP level 3. HP: 27/31 MP: 2/4
   277 | D:1      | Reached skill level 1 in Invocations
   330 | D:1      | Reached skill level 1 in Short Blades
   330 | D:1      | Reached skill level 1 in Long Blades
   330 | D:1      | Reached skill level 1 in Axes
   330 | D:1      | Reached skill level 1 in Maces & Flails
   330 | D:1      | Reached skill level 1 in Polearms
   330 | D:1      | Reached skill level 1 in Staves
   330 | D:1      | Reached skill level 1 in Throwing
   330 | D:1      | Reached skill level 1 in Armour
   330 | D:1      | Reached skill level 1 in Shields
   330 | D:1      | Reached skill level 1 in Unarmed Combat
   330 | D:1      | Reached skill level 1 in Spellcasting
   330 | D:1      | Reached skill level 1 in Evocations
   703 | D:2      | Reached XP level 4. HP: 35/38 MP: 5/5
   893 | D:2      | Found a shimmering altar of Xom.
   907 | D:2      | Reached skill level 1 in Conjurations
   907 | D:2      | Reached skill level 1 in Hexes
   907 | D:2      | Reached skill level 1 in Summonings
   907 | D:2      | Reached skill level 1 in Necromancy
   907 | D:2      | Reached skill level 1 in Translocations
   907 | D:2      | Reached skill level 1 in Transmutations
   907 | D:2      | Reached skill level 1 in Fire Magic
   907 | D:2      | Reached skill level 1 in Ice Magic
   907 | D:2      | Reached skill level 1 in Air Magic
   907 | D:2      | Reached skill level 1 in Earth Magic
   907 | D:2      | Reached skill level 1 in Poison Magic
  1085 | D:2      | You fall into a shaft and drop 2 floors!
  1087 | D:4      | Noticed Menkaure
  1094 | D:4      | Reached XP level 5. HP: 42/43 MP: 5/7
  1105 | D:4      | Killed from afar by Menkaure

Illustrated notes

Levels and vault maps discovered:
D:1:      minmay_arrival_four_loops, layout_rooms,
          hellmonk_ecumenical_altar_pennies_from_heaven, minmay_misc_feat_roman,
          minmay_heptomino_h4
D:2:      layout_rooms, basic_altar
D:4:      layout_rooms, uniq_pikel, uniq_menkaure, uniq_sigmund

Skill      XL: |  1  2  3  4 |
---------------+-------------+-----
Invocations    | 1 |  1.6
Short Blades   | 1 |  1.4
Long Blades    | 1 |  1.4
Axes           | 1 |  1.4
Maces & Flails | 1 |  1.4
Polearms       | 1 |  1.4
Staves         | 1 |  1.4
Throwing       | 1 |  1.4
Armour         | 1 |  1.4
Shields        | 1 |  1.4
Unarmed Combat | 1 |  1.4
Spellcasting   | 1 |  1.4
Evocations     | 1 |  1.4
Conjurations   | 1 |  1.1
Hexes          | 1 |  1.1
Summonings     | 1 |  1.1
Necromancy     | 1 |  1.1
Translocations | 1 |  1.1
Transmutations | 1 |  1.1
Fire Magic     | 1 |  1.1
Ice Magic      | 1 |  1.1
Air Magic      | 1 |  1.1
Earth Magic    | 1 |  1.1
Poison Magic   | 1 |  1.1
Fighting       | |  4.7
Ranged Weapons | |  8.6
Dodging        | |  4.7
Stealth        | |  2.7

Action                   |  1- 3 |  4- 6 || total
-------------------------+-------+-------++-------
Melee: Whip              |       |     8 ||     8
       Bite              |       |     1 ||     1
 Fire: Shortbow          |    90 |    52 ||   142
  Use: Potion            |       |     3 ||     3
Armor: Leather armour    |     7 |       ||     7
       Ring mail         |       |    18 ||    18
Dodge: Dodged            |    12 |    27 ||    39

Table legend: (Time is in decaauts)
 A = Elapsed time spent in this place.
 B = Non-inter-level travel time spent in this place.
 C = Inter-level travel time spent in this place.
 D = Time resting spent in this place.
 E = Time spent auto-exploring this place.
 F = Levels seen in this place.
 G = Mean time per level.
                   A        B        C        D        E       F      G
               +--------+--------+--------+--------+--------+-----+--------+
         Total |   1129 |   1035 |     94 |      8 |    752 |   3 |  376.3 |
       Dungeon |   1129 |   1035 |     94 |      8 |    752 |   3 |  376.3 |
               +--------+--------+--------+--------+--------+-----+--------+

Top non-repeatable levels by time:
     D:1: 718 daAuts
     D:2: 391 daAuts
     D:4: 20 daAuts
